 Dungeon Crawl Stone Soup version 0.31-a0-182-gc5ef74bbde (webtiles) character file.

Game seed: 5835487155714422496

5653 avis the Summoner (level 10, 0/47 HPs)
             Began as a Felid Summoner on June 19, 2023.
             Was an Initiate of Gozag.
             Succumbed to a minotaur's poison
             ... in a Gauntlet on June 21, 2023.
             The game lasted 02:18:41 (15122 turns).

avis the Summoner (Felid Summoner)                 Turns: 15122, Time: 02:18:42

Health: 0/47       AC:  8    Str:  4    XL:     10   Next: 46%
Magic:  10/24      EV: 23    Int: 21    God:    Gozag
Gold:   1568       SH:  0    Dex: 17    Spells: 14/27 levels left
                                        Lives:  0   Deaths: 3

rFire   . . .        (weapon unavailable)
rCold   . . .        (shield unavailable)
rNeg    . . .        (body armour unavailable)
rPois   .            (helmet unavailable)
rElec   .            (cloak unavailable)
rCorr   .            (gloves unavailable)
SInv    +            (boots unavailable)
Will    +....        (no amulet)
Stlth   ++           c - +4 ring of protection
HPRegen 0.27/turn    j - ring of wizardry
MPRegen 0.19/turn

%: no teleportation, wizardry (x1)
@: lethally poisoned (0 -> -27), quick
A: very small, claws 1, fangs 3, see invisible, speed 1, shaggy fur 2, stealthy
paws, no weapons or thrown items, no armour, multi-lived, iridescent scales 1,
sense surroundings 1, MP-powered wands
a: Renounce Religion, Potion Petition, Call Merchant, Bribe Branch


You were in a Gauntlet.
You worshipped Gozag.
Gozag was most pleased with you.
You visited 3 branches of the dungeon, and saw 13 of its levels.
You also visited: Sewer and Gauntlet.

You collected 1655 gold pieces.
You paid 87 gold pieces to Gozag.

Inventory:

Jewellery
 c - a +4 ring of protection (left paw)
 e - a ring of fire
 g - a +4 ring of protection
 j - a ring of wizardry (right paw)
 z - a ring of poison resistance
 M - a ring of fire
Wands
 x - a wand of flame (43)
 E - a wand of iceblast (16)
 G - a wand of light (6)
 L - a wand of mindburst (7)
Scrolls
 a - 3 scrolls of blinking
 d - 2 scrolls of immolation {unknown}
 f - a scroll of butterflies
 h - 2 scrolls of vulnerability
 l - 3 scrolls of enchant weapon
 s - 3 scrolls of fear
 u - a scroll of silence
 v - 3 scrolls of fog
 w - 2 scrolls of poison
 y - 6 scrolls of teleportation
 A - a scroll of revelation
 D - a scroll of amnesia {unknown}
 I - a scroll of noise {unknown}
 K - a scroll of acquirement {unknown}
Potions
 b - a potion of cancellation
 i - 3 potions of heal wounds
 k - 2 potions of resistance
 m - 2 potions of might
 n - a potion of lignification
 o - a potion of degeneration
 p - 2 potions of mutation
 q - 2 potions of attraction
 r - 4 potions of enlightenment
 t - 4 potions of curing
 B - 3 potions of haste
 C - a potion of magic
 F - 2 potions of invisibility
 H - a potion of ambrosia
Miscellaneous
 J - a phantom mirror


   Skills:
 + Level 7.3 Fighting
 + Level 10.0 Dodging
 - Level 2.6 Stealth
 + Level 9.0 Spellcasting
 - Level 5.0 Hexes
 - Level 10.0 Summonings
 - Level 7.0 Air Magic


You had 14 spell levels left.
You knew the following spells:

 Your Spells              Type           Power      Damage    Failure   Level
a - Summon Small Mammal   Summ           100%       N/A       1%          1
c - Call Imp              Summ           100%       N/A       1%          2
d - Call Canine Familiar  Summ           51%        N/A       1%          3
g - Summon Guardian Gole  Hex/Summ       41%        N/A       1%          3
l - Summon Lightning Spi  Summ/Air       45%        N/A       1%          4

Your spell library contained the following spells:

 Spells                   Type           Power      Damage    Failure   Level
 Slow                     Hex            100%       N/A       1%          1
 Confusing Touch          Hex            30%        N/A       1%          3
 Apportation              Tloc           18%        N/A       2%          1
 Magic Dart               Conj           36%        1d4       2%          1
 Necrotise                Necr           36%        1d5       2%          1
 Dazzling Flash           Conj/Hex       40%        N/A       3%          3
 Mephitic Cloud           Conj/Pois/Air  19%        N/A       3%          3
 Ozocubu's Armour         Ice            9%         N/A       9%          3
 Vampiric Draining        Necr           9%         2d6       9%          3
 Volatile Blastmotes      Fire/Tloc      18%        2d11      9%          3
 Iskenderun's Mystic Bla  Conj/Tloc      9%         2d4       26%         4
 Starburst                Conj/Fire      4%         6d4       98%         6
 Ozocubu's Refrigeration  Ice            4%         4d8       100%        7


Dungeon Overview and Level Annotations

Branches:
Dungeon (10/15)            Temple (1/1) D:5            Lair (2/5) D:10
 Spider (0/4) Lair:2          Orc (0/2) D:10          Sewer (visited)
Gauntlet (1/1)
  Swamp: Lair:2-3    Shoals: Lair:2-3

Altars:
Ashenzari
Cheibriados
Dithmenos
Elyvilon
Fedhas
Gozag
Hepliaklqana
Kikubaaqudgha
Makhleb
Nemelex Xobeh
Okawaru
Qazlal
Ru
Sif Muna
Trog
Uskayaw
Vehumet
Wu Jian
Xom
Yredelemnul
Zin
The Shining One

Annotations:
D:6 2 transporters, knightboat's ghost, novice NaTm
D:10 2 runed translucent doors, chunkyMonkey's ghost, novice DgFi Gauntlet 11 transporters, 3 runed translucent doors


Innate Abilities, Weirdness & Mutations

You have sharp claws.
You have razor-sharp teeth.
You have supernaturally acute eyesight. (SInv)
You cover ground quickly. (Speed+)
You are covered in thick fur. (AC +2)
Your paws help you pounce on unaware monsters.
You are incapable of wielding weapons or throwing items.
You cannot wear armour.
You gain extra lives every three experience levels.
You are partially covered in iridescent scales. (AC +2)
You passively map a small area around you.
You expend magic power (3 MP) to strengthen your wands.


Message History

Gang up on whom?
Press: ? - help, Dir - move target, f/p - minotaur
Aim: a minotaur, wielding a +1 battleaxe of venom, wearing a +2 plate armour of poison resistance and quivering javelins (lightly wounded, fast, ally target) Attack!
Your guardian golem overheats!
The minotaur throws a javelin.
The javelin pierces through your guardian golem!
Flame seeps out of your guardian golem.
The javelin pierces through your cerulean imp!
The javelin pierces through you!!
Ouch! That really hurt!
* * * LOW HITPOINT WARNING * * *
Flame seeps out of your guardian golem.
Your cerulean imp hits the minotaur but does no damage.
You feel much better.
The minotaur throws a javelin.
The javelin barely misses your guardian golem.
The javelin pierces through your cerulean imp!!
Your cerulean imp dies!
Your cerulean imp disappears in a puff of smoke!
The javelin pierces through you!
Your guardian golem disappears in a puff of smoke!
Your guardian golem explodes!
Aiming: Bolt of Light
Press: ? - help, Shift-Dir - straight line, f/p - minotaur
Aim: a minotaur, wielding a +1 battleaxe of venom, wearing a +2 plate armour of poison resistance and quivering javelins (moderately wounded, fast, 86% to hit)
You feel a surge of power!
The bolt of light hits the minotaur.
The minotaur is moderately wounded.
The minotaur is blinded.
The minotaur throws a javelin.
The javelin barely misses you.
Aiming: Mindburst
Press: ? - help, Shift-Dir - straight line, f/p - minotaur
Aim: a minotaur, wielding a +1 battleaxe of venom, wearing a +2 plate armour of poison resistance and quivering javelins (moderately wounded, fast, blind, chance to affect: 10%)
You feel a surge of power!
The minotaur resists with almost no effort.
The minotaur hits you with a +1 battleaxe of venom!
* * * LOW HITPOINT WARNING * * *
You are lethally poisoned!
The minotaur closely misses you.
You die...
Your body crumbles into a pile of gold.

#[.!# #8.8# ####(.[#* ###8.#8.8#
8 ## #....#...# .. #.#..#8.8 .#
#.#..##'##..#.# #.............#
#@#H##.#.##.#.# #.#§.§.#... ,*
###.#.#######.#.###
##≈...............≈##
#≈≈..8©8©8©8©8©8..≈≈#
##≈...............≈#* ### ### ###
###################
##≈###≈###≈###.................##
#≈≈≈#≈≈≈#≈≈≈#...8⌠8..8∩8..8⌠8...#


There were no monsters in sight!

Vanquished Creatures
  A yak (D:10)
  An orc warrior (D:10)
  An orc priest (D:10)
  3 orcs
  A bat (D:1)
  An endoplasm (D:2)
  A hobgoblin (D:2)
  A quokka (D:3)
  2 ball pythons
  A frilled lizard (Sewer)
  2 rats
15 creatures vanquished.

Vanquished Creatures (collateral kills)
  Harold (D:9)
  A komodo dragon (D:10)
  A wraith (D:9)
  A wyvern (D:10)
  A yak (D:9)
  An unseen horror simulacrum (D:9)
  2 acid dragons (D:10)
  A black bear (Lair:1)
  5 ice beasts
  2 centaurs
  2 phantoms (D:7)
  2 bullfrogs
  4 scorpions
  3 wights (D:8)
  4 jellies
  2 killer bees (D:9)
  A howler monkey (D:5)
  2 hounds (D:5)
  3 orc priests
  3 iron imps (D:9)
  2 gnoll boudas
  2 sleepcaps (D:6)
  2 iguanas (D:6)
  An orc wizard (D:10)
  A centaur simulacrum (D:9)
  12 gnolls
  7 adders
  8 white imps
  An ufetubus (D:5)
  2 worms
  A dart slug (D:2)
  42 orcs
  14 ball pythons
  3 bats
  12 endoplasms
  5 giant cockroaches
  10 goblins
  7 hobgoblins
  2 jackals (D:1)
  20 kobolds
  4 quokkas
  11 frilled lizards
  9 rats
220 creatures vanquished.

Vanquished Creatures (others)
  2 two-headed ogres
  3 death yaks (D:10)
  The ghost of AwFulAwFulPlayer the Cudgeller, a novice DsCK of Xom (D:9)
  Pikel (D:8)
  An ice devil (Gauntlet)
  A troll (D:10)
  2 hornets
  A wyvern (D:7)
  9 yaks
  A vampire (D:10)
  An unseen horror simulacrum (D:9)
  A steam dragon (D:6)
  Menkaure (D:4)
  Pargi (Sewer)
  2 orc warriors
  An ice beast (D:8)
  An ogre (D:6)
  A centaur (D:9)
  A kobold brigand (D:9)
  3 scorpions
  A wight (D:8)
  7 killer bees
  A jelly (D:8)
  A gnoll bouda (D:9)
  A sleepcap (D:7)
  2 iguanas
  2 orc wizards (D:8)
  10 gnolls
  7 orcs
  3 kobolds (D:9)
70 creatures vanquished.

Grand Total: 305 creatures vanquished

Notes
Turn   | Place    | Note
-------+----------+-------------------------------------------
     0 | D:1      | avis the Felid Summoner began the quest for the Orb.
     0 | D:1      | Reached XP level 1. HP: 7/7 MP: 4/4
   264 | D:1      | Reached XP level 2. HP: 11/11 MP: 3/6
   267 | D:1      | Learned a level 2 spell: Call Imp
   890 | D:1      | Reached XP level 3. HP: 14/14 MP: 2/8
   898 | D:1      | Learned a level 3 spell: Call Canine Familiar
  1766 | D:2      | Gained mutation: You are partially covered in iridescent
                  | scales. (AC +2) [potion of mutation]
  1766 | D:2      | Gained mutation: You passively map a small area around you.
                  | [potion of mutation]
  1766 | D:2      | Gained mutation: You expend magic power (3 MP) to
                  | strengthen your wands. [potion of mutation]
  1890 | D:2      | Reached XP level 4. HP: 18/18 MP: 2/10
  2617 | D:2      | Learned a level 3 spell: Summon Guardian Golem
  2857 | D:3      | Reached XP level 5. HP: 21/21 MP: 7/12
  3002 | D:3      | Killed from afar by an orc priest
  3003 | D:3      | Reached XP level 4. HP: -3/18 MP: 9/11
  3026 | D:3      | Reached skill level 1 in Hexes
  3026 | D:3      | Reached skill level 5 in Summonings
  3095 | D:3      | Found a bloodstained altar of Trog.
  3279 | D:3      | Reached XP level 5. HP: 21/21 MP: 1/12
  3569 | D:3      | Learned a level 4 spell: Summon Lightning Spire
  3678 | D:3      | You fall into a shaft and drop 1 floor!
  3719 | D:4      | Noticed Menkaure
  3727 | D:4      | Killed Menkaure
  3728 | D:4      | Reached skill level 1 in Air Magic
  3728 | D:4      | Gained mutation: You are covered in thick fur. (AC +2)
                  | [Felid growth]
  3728 | D:4      | Reached XP level 6. HP: 25/25 MP: 7/13
  3772 | D:4      | Reached skill level 1 in Fighting
  4406 | D:4      | Found a blossoming altar of Fedhas.
  4435 | D:4      | Found an ancient bone altar of Kikubaaqudgha.
  4596 | D:4      | Found a basalt altar of Yredelemnul.
  4694 | D:4      | Found a white marble altar of Elyvilon.
  4955 | D:4      | Found a hazy altar of Hepliaklqana.
  5080 | D:5      | Entered Level 5 of the Dungeon
  5215 | D:5      | Found a stormy altar of Qazlal.
  5239 | D:5      | Found a staircase to the Ecumenical Temple.
  5261 | D:5      | Reached XP level 7. HP: 28/28 MP: 4/15
  5265 | Temple   | Entered the Ecumenical Temple
  5540 | D:5      | Reached skill level 5 in Spellcasting
  5979 | D:5      | Found a radiant altar of Vehumet.
  6042 | D:5      | Found a shadowy altar of Dithmenos.
  6907 | D:6      | Found a shimmering blue altar of Sif Muna.
  6960 | D:6      | Found a transporter.
  6963 | D:6      | Noticed a komodo dragon
  6984 | D:6      | Reached skill level 5 in Hexes
  6984 | D:6      | Reached XP level 8. HP: 33/33 MP: 9/17
  7007 | D:6      | Found a glowing drain.
  7017 | Sewer    | Entered a sewer
  7047 | Sewer    | Noticed Pargi
  7064 | Sewer    | Killed Pargi
  7416 | D:6      | Found an opulent altar of Gozag.
  7423 | D:6      | Became a worshipper of Gozag Ym Sagoz the Greedy
  7845 | D:6      | Noticed knightboat's ghost (novice NaTm)
  8045 | D:6      | Reached skill level 5 in Dodging
  8261 | D:6      | Identified the +6 sling of Doom {speed, Str+3 Dex+4}
  8268 | D:6      | Found a transporter.
  8748 | D:6      | Upgraded the game from 0.31-a0-180-g519b7de00c to
                  | 0.31-a0-182-gc5ef74bbde
  9315 | D:7      | Reached XP level 9. HP: 38/38 MP: 6/18
  9336 | D:7      | Killed by an exploding themself... ignited by their inner
                  | flame
  9337 | D:7      | Reached XP level 8. HP: -5/34 MP: 1/17
  9447 | D:7      | Reached skill level 5 in Air Magic
  9800 | D:8      | Noticed Pikel
  9975 | D:8      | Reached XP level 9. HP: 29/39 MP: 10/19
 10288 | D:8      | Killed Pikel
 10422 | D:8      | Noticed a two-headed ogre
 10457 | D:8      | Killed a two-headed ogre
 10865 | D:9      | Reached skill level 5 in Fighting
 11079 | D:9      | Found a runed translucent gate.
 11079 | D:9      | Found a runed translucent gate.
 11094 | D:9      | Found a sacrificial altar of Ru.
 11094 | D:9      | Found a broken altar of Ashenzari.
 11115 | D:9      | Found a runed translucent gate.
 11167 | D:9      | Noticed AwFulAwFulPlayer's ghost (novice DsCK)
 11198 | D:9      | Noticed a two-headed ogre
 11207 | D:9      | Killed a two-headed ogre
 11208 | D:9      | Reached XP level 10. HP: 44/44 MP: 18/21
 11959 | D:9      | Noticed Harold
 11979 | D:9      | Killed Harold
 12558 | D:9      | Found a hide-covered altar of Uskayaw.
 12560 | D:9      | Found a glowing silver altar of Zin.
 12613 | D:9      | Found a burning altar of Makhleb.
 12841 | D:10     | Entered Level 10 of the Dungeon
 12915 | D:10     | Noticed a death yak
 12919 | D:10     | Noticed a death yak
 12921 | D:10     | Noticed a death yak
 12922 | D:10     | Found a staircase to the Lair.
 12949 | D:10     | Killed a death yak
 12956 | D:10     | Killed a death yak
 12957 | D:10     | Reached skill level 10 in Summonings
 12957 | D:10     | Reached XP level 11. HP: 37/49 MP: 7/23
 12972 | D:10     | Killed a death yak
 13747 | D:10     | Noticed chunkyMonkey's ghost (novice DgFi)
 13748 | D:10     | Noticed a lich
 13750 | D:10     | Noticed an ogre mage
 13776 | D:10     | Found a runed translucent door.
 13776 | D:10     | Noticed a great orb of eyes
 13776 | D:10     | Noticed a necromancer
 13781 | D:10     | Noticed a skeletal warrior
 13786 | D:10     | Found a runed translucent door.
 13809 | D:10     | Found a staircase to the Orcish Mines.
 14177 | D:9      | Killed AwFulAwFulPlayer's ghost
 14710 | Lair:1   | Entered Level 1 of the Lair of Beasts
 14791 | Lair:1   | You fall into a shaft and drop 1 floor!
 14832 | Lair:2   | Found a gate leading to a gauntlet.
 14840 | Gauntlet | Entered a Gauntlet
 14840 | Gauntlet | Found a transporter.
 14841 | Gauntlet | Found a runed translucent gate.
 14841 | Gauntlet | Found a runed translucent gate.
 14841 | Gauntlet | Found a runed translucent gate.
 14850 | Gauntlet | Found a transporter.
 14853 | Gauntlet | Found a transporter.
 14854 | Gauntlet | Found a transporter.
 14857 | Gauntlet | Noticed a fire crab
 14862 | Gauntlet | Found a transporter.
 14865 | Gauntlet | Found a transporter.
 14866 | Gauntlet | Found a transporter.
 14870 | Gauntlet | Noticed a dire elephant
 14877 | Gauntlet | Found a transporter.
 14878 | Gauntlet | Found a transporter.
 14879 | Gauntlet | Found a transporter.
 14889 | Gauntlet | Found a transporter.
 14890 | Gauntlet | Found a transporter.
 14890 | Gauntlet | Found a transporter.
 14890 | Gauntlet | Noticed a large abomination
 14894 | Gauntlet | Found a runed translucent door.
 14894 | Gauntlet | Found a runed translucent door.
 14898 | Gauntlet | Found a transporter.
 14898 | Gauntlet | Noticed a large abomination
 14923 | Gauntlet | Found a runed translucent door.
 14995 | Gauntlet | Reached skill level 10 in Dodging
 15081 | Gauntlet | Noticed a minotaur
 15085 | Gauntlet | Hit by a javelin thrown by a minotaur
 15086 | Gauntlet | Reached XP level 10. HP: -4/47 MP: 20/24
 15122 | Gauntlet | Succumbed to a minotaur's poison

Illustrated notes

Levels and vault maps discovered:
D:1:      dpeg_arrival_boxorama, layout_basic, minmay_tetromino_t4
D:2:      layout_rooms, minmay_fractal_squares_gapless_5
D:3:      layout_basic, trog_butcher_becter, corexii_hall_statues_deadend
D:4:      layout_rooms, kennysheep_ying_yang, kennysheep_mini,
          general_overflow_altar, mainiacjoe_overflow_alcove_4, uniq_menkaure
D:5:      layout_basic, grunt_dithmenos_smoke_and_mirrors,
          overflow_temple_1_default, vehumet_altar_wand_db,
          minmay_temple_entry_mist, corexii_corridor_pit,
          kennysheep_generic_room_13
D:6:      layout_basic, nicolae_sif_muna_condensation, kennysheep_little_box,
          cheibrodos_sewer_entry_drain, gammafunk_ghost_arena,
          grunt_decor_junction, hangedman_decor_slide_cut, minmay_fountain_box,
          kennysheep_generic_room_5
D:7:      layout_rooms
D:8:      layout_basic, uniq_pikel
D:9:      layout_stronghold, nicolae_overflow_hidden_temple, demons_altar,
          gammafunk_ghost_icy, uniq_harold
D:10:     layout_small_grid, dpeg_lair_monsters, orc_0_dummy,
          muffindrake_ghost_dual_entry, grunt_decor_mini_mirrors
Temple:   hellmonk_temple_flake
Lair:1:   layout_roguey, st_stairs_8
Lair:2:   layout_regular_city, dummy_spider_entry, gauntlet_entry_generic,
          infiniplex_staircase_pool_2
Gauntlet: gammafunk_gauntlet_77_escape_option
          [minmay_gauntlet_arena_77_run_for_it,
          minmay_gauntlet_arena_77_broken_ladder,
          minmay_gauntlet_arena_77_block_sizes, minmay_gauntlet_arena_77_path,
          minmay_gauntlet_arena_77_shame_cube,
          nicolae_gauntlet_exit_dead_adventurers]

Skill      XL: |  1  2  3  4  5  6  7  8  9 10 11 |
---------------+----------------------------------+-----
Spellcasting   | 3 4 5 6 7 9 |  9.0
Hexes          | 1 2 3 5 |  5.0
Summonings     | 5 7 8 10 | 10.0
Dodging        | 3 4 6 7 8 10 | 10.0
Air Magic      | 1 2 3 5 6 7 |  7.0
Fighting       | 1 2 4 5 6 7 |  7.3
Stealth        | |  2.6

Action                     |  1- 3 |  4- 6 |  7- 9 | 10-12 || total
---------------------------+-------+-------+-------+-------++-------
  Melee: Unarmed           |    31 |     7 |    14 |     1 ||    53
         Bite              |     5 |       |     1 |       ||     6
   Cast: Summon Small Mamm |    33 |       |     4 |     3 ||    40
         Call Imp          |    15 |    28 |    45 |    24 ||   112
         Call Canine Famil |    11 |    31 |    43 |    21 ||   106
         Summon Guardian G |       |    16 |    53 |    50 ||   119
         Summon Lightning  |       |       |     4 |     5 ||     9
  Evoke: Wand              |       |       |       |     8 ||     8
    Use: Potion            |     5 |       |       |     1 ||     6
         Scroll            |       |       |       |    20 ||    20
   Stab: Sleeping          |       |     2 |     2 |       ||     4
         Distracted        |       |     1 |     1 |       ||     2
 Armour: Skin              |    15 |     3 |     4 |     6 ||    28
  Dodge: Dodged            |    77 |     8 |    50 |    52 ||   187

Table legend: (Time is in decaauts)
 A = Elapsed time spent in this place.
 B = Non-inter-level travel time spent in this place.
 C = Inter-level travel time spent in this place.
 D = Time resting spent in this place.
 E = Time spent auto-exploring this place.
 F = Levels seen in this place.
 G = Mean time per level.
                   A        B        C        D        E       F      G
               +--------+--------+--------+--------+--------+-----+--------+
         Total |  13391 |  12282 |   1109 |   2455 |   5117 |  15 |  892.7 |
       Dungeon |  12561 |  11462 |   1099 |   2326 |   4930 |  10 | 1256.1 |
        Temple |    202 |    193 |      9 |      0 |    186 |   1 |  202.0 |
          Lair |    110 |    110 |      0 |      0 |      0 |   2 |   55.0 |
         Sewer |    274 |    274 |      0 |    103 |      0 |   1 |  274.0 |
      Gauntlet |    242 |    242 |      0 |     26 |      0 |   1 |  242.0 |
               +--------+--------+--------+--------+--------+-----+--------+

Top non-repeatable levels by time:
     D:9: 2329 daAuts
     D:6: 1618 daAuts
     D:1: 1561 daAuts
     D:5: 1316 daAuts
     D:3: 1257 daAuts
    D:10: 981 daAuts
     D:4: 953 daAuts
     D:8: 881 daAuts
     D:7: 853 daAuts
     D:2: 808 daAuts
   Sewer: 274 daAuts
Gauntlet: 242 daAuts
  Temple: 202 daAuts
  Lair:1: 67 daAuts
  Lair:2: 42 daAuts
